AoeStats
← 陟遐自迩

Four Lakes

503382054Analyzed
4v4 RM · 1mo ago on Aug 31, 2026· 37m 16s· 8 players
Game mode
Random Map
Map size
Large (8 player)
Population
200
Speed
Normal
Resources
Standard
Victory
Conquest
Starting age
Dark Age
Ending age
Imperial Age
RankedLock teamsTeams togetherTeam positionsShared explorationLock speedFull tech treeHidden civsTurbo modeCheats
Victory
Defeat
🇨🇳 Spanish · China
1167
+14
🇨🇳 Persians · China
1162
+14
🇩🇪 Japanese · Germany
1091
+17
🇧🇷 Italians · Brazil
1067
+18
🇦🇺 Tupi · Australia
1184
-19
🇳🇴 Italians · Norway
1124
-16
🇨🇳 Koreans · China
1095
-15
🇨🇴 Goths · Colombia
1083
-14
OnlyNomad
3:59 Loom
11:28 Feudal Age
11:55 Double-Bit Axe
16:28 Castle Age
14:12 Fishing Lines
16:34 Fletching
17:29 Bow Saw
17:02 Elite Skirmisher
17:41 Bodkin Arrow
20:21 Wheelbarrow
20:18 Gillnets
26:16 Imperial Age
25:41 Padded Archer Armor
26:35 Ballistics
27:41 Gold Mining
29:47 Bracer
31:37 Chemistry
30:26 Pikeman
31:30 Leather Archer Armor
33:08 Town Watch
33:39 Hand Cart
34:06 Ring Archer Armor
35:35 Two-Man Saw
ufokinw0tm8
8:15 Loom
10:11 Feudal Age
10:30 Champi Runner
12:18 Forging
19:27 Castle Age
18:54 Double-Bit Axe
19:02 Gold Mining
22:00 Wheelbarrow
21:11 Town Watch
22:01 Bow Saw
29:45 Fletching
31:03 Bodkin Arrow
36:04 Imperial Age
Chuterr
1:52 Loom
11:17 Feudal Age
11:57 Double-Bit Axe
12:51 Fishing Lines
14:13 Wheelbarrow
15:52 Town Watch
16:41 Horse Collar
17:07 Stone Mining
17:07 Gold Mining
18:58 Man-at-Arms
21:59 Castle Age
21:30 Scale Mail Armor
21:40 Forging
22:22 Fletching
22:33 Padded Archer Armor
23:19 Bow Saw
23:11 Heavy Plow
22:51 Pikeman
22:55 Elite Skirmisher
24:30 Stone Shaft Mining
23:53 Gillnets
25:51 Bodkin Arrow
26:12 Chain Mail Armor
26:35 Hand Cart
28:56 Town Patrol
33:09 Anarchy
34:57 Ballistics
34:38 Murder Holes
40:01 Imperial Age
T - T
4:05 Loom
9:51 Feudal Age
23:54 Castle Age
22:39 Fletching
23:56 Crossbowman
24:51 Thumb Ring
Brandt9700
7:37 Loom
9:41 Feudal Age
12:14 Double-Bit Axe
18:27 Wheelbarrow
18:45 Fletching
23:04 Castle Age
21:12 Gold Mining
21:37 Horse Collar
23:20 Crossbowman
27:44 Bow Saw
28:43 Stone Mining
31:07 Bodkin Arrow
33:43 Padded Archer Armor
34:50 Hand Cart
就是天胡
5:21 Loom
12:55 Feudal Age
13:35 Double-Bit Axe
13:32 Fishing Lines
22:34 Castle Age
20:42 Horse Collar
21:18 Fletching
24:33 Wheelbarrow
23:46 Town Watch
24:32 Crossbowman
28:03 Thumb Ring
29:23 Gillnets
陟遐自迩
0:46 Loom
12:59 Feudal Age
14:15 Fishing Lines
15:22 Wheelbarrow
14:13 Man-at-Arms
17:13 Forging
20:26 Scale Mail Armor
21:34 Double-Bit Axe
25:24 Castle Age
23:59 Arson
24:12 Stone Mining
24:14 Gold Mining
26:28 Bow Saw
26:27 Gillnets
27:33 Iron Casting
27:14 Chain Mail Armor
28:18 Gold Shaft Mining
28:42 Squires
28:29 Gambesons
33:40 Imperial Age
32:09 Fletching
33:07 Hand Cart
32:41 Town Watch
35:45 Blast Furnace
35:16 Plate Mail Armor
35:09 Conscription
34:12 Elite Samurai
35:14 Kataparuto
Wosnwbwk
2:32 Loom
10:15 Feudal Age
11:25 Double-Bit Axe
16:29 Scale Barding Armor
22:15 Castle Age
21:16 Forging
20:59 Gold Mining
21:34 Bloodlines
21:56 Horse Collar
24:38 Chain Barding Armor
25:17 Husbandry
29:35 Wheelbarrow
31:03 Iron Casting
40:12 Imperial Age
Connection lost

Rejoining the realm…

Still unreachable

The connection could not be restored.

Session expired

The server has moved on; the page needs a fresh start.